 Dungeon Crawl Stone Soup version 0.25-a0-96-g4073cf80fb (webtiles) character file.

Game seed: 4489944579983443539, levelgen mode: deterministic

1326 Eurus the Stinger (level 8, 0/72 HPs)
             Began as a Naga Venom Mage on Nov 12, 2019.
             Was a Believer of Qazlal.
             Slain by an ice beast (3 damage)
             ... on level 6 of the Dungeon.
             The game lasted 00:29:57 (6912 turns).

Eurus the Stinger (Naga Venom Mage)                 Turns: 6912, Time: 00:29:58

Health: 0/72       AC: -1    Str: 16    XL:     8   Next: 60%
Magic:  13/14      EV: 10    Int: 23    God:    Qazlal [**....]
Gold:   325        SH:  2    Dex: 11    Spells: 8/15 levels left

rFire    . . .     SeeInvis +   p - +3 flail (drain)
rCold    . . .     Gourm    .   (no shield)
rNeg     . . .     Faith    .   a - +0 robe
rPois    +         Spirit   .   w - +1 helmet
rElec    .         Reflect  .   (no cloak)
rCorr    .         Harm     .   l - +0 pair of gloves
MR       ++...                  (no barding)
Stlth    ++........             (no amulet)
HPRegen  0.22/turn              (no ring)
MPRegen  0.14/turn              y - ring of protection from magic

@: mighty, brilliant, corroded, hasted, quick
A: large, see invisible, deformed body, poison resistance, slowness 2, slow
metabolism 1, spit poison 1, AC +2
a: Spit Poison, Upheaval, Renounce Religion


You were on level 6 of the Dungeon.
You worshipped Qazlal.
Qazlal was pleased with you.
You were not hungry.

You visited 1 branch of the dungeon, and saw 6 of its levels.

You collected 325 gold pieces.

Inventory:

Hand Weapons
 p - a +3 flail of draining (weapon)
 s - a +0 hand axe
Armour
 a - a +0 robe (worn)
 h - a +0 large shield
 l - a +0 pair of gloves (worn)
 w - a +1 helmet (worn)
Jewellery
 u - an uncursed amulet of the acrobat
 y - a ring of protection from magic (right hand)
Wands
 o - a wand of paralysis (13)
 r - a wand of random effects (26)
 A - a wand of disintegration (12)
Scrolls
 d - 2 scrolls of remove curse
 e - a scroll of fog
 g - a scroll of enchant weapon
 j - a scroll of identify
 v - a scroll of magic mapping
Potions
 i - 2 potions of curing
 m - 2 potions of might
 n - 2 potions of heal wounds {unknown}
 q - a potion of magic {unknown}
 t - a potion of agility {unknown}
 x - a potion of flight {unknown}
 B - a potion of degeneration {unknown}
Comestibles
 c - 13 rations
 k - 9 chunks of flesh


   Skills:
 + Level 3.8 Fighting
 * Level 4.1 Axes
 - Level 1.8 Dodging
 - Level 3.1 Stealth
 + Level 2.9 Shields
 + Level 4.1 Spellcasting
 + Level 4.0 Conjurations
 + Level 6.8 Poison Magic


You had 8 spell levels left.
You knew the following spells:

 Your Spells              Type           Power        Failure   Level  Hunger
a - Sting                 Conj/Pois      ####         1%          1    None
b - Poisonous Vapours     Pois/Air       ####..       1%          2    #......
c - Olgreb's Toxic Radia  Pois           ######..     1%          4    ####...

Your spell library contained the following spells:

 Spells                   Type           Power        Failure   Level  Hunger
 Animate Skeleton         Necr           N/A          1%          1    None
 Apportation              Tloc           ###...       1%          1    None
 Confusing Touch          Hex            ###...       1%          1    None
 Summon Small Mammal      Summ           ###.         1%          1    None
 Mephitic Cloud           Conj/Pois/Air  #####...     1%          3    ##.....
 Venom Bolt               Conj/Pois      #####.....   3%          5    ######.


Dungeon Overview and Level Annotations

Branches:
Dungeon (6/15)
 Temple: D:4-7

Altars:
Dithmenos
Fedhas
Gozag
Kikubaaqudgha
Okawaru
Qazlal
Trog
Xom
Zin

Shops:
D:4 :

Annotations:
D:5 exclusions: door and water moccasin, Edmund


Innate Abilities, Weirdness & Mutations

You cannot wear boots.
Your serpentine skin is tough. (AC +2)
You have supernaturally acute eyesight. (SInv)
Armour fits poorly on your strangely shaped body.
Your system is resistant to poisons. (rPois)
You cover ground very slowly.
You have a slow metabolism.
You can spit poison.


Message History

* * * LOW HITPOINT WARNING * * *
The ice beast freezes you!
* * * LOW HITPOINT WARNING * * *
It was a potion of might.
You feel very mighty all of a sudden. You block the ice beast's attack.
You hit the ice beast.
The ice beast is moderately wounded.
The ice beast hits you.
* * * LOW HITPOINT WARNING * * *
The ice beast freezes you!
* * * LOW HITPOINT WARNING * * *
You barely miss the ice beast.
The ice beast is moderately wounded.
You have got your breath back.
Unknown command.
You hit the ice beast.
The ice beast is heavily wounded.
The ice beast hits you.
You die...

.# ##.## #... #>.#
#..## ####### #...
......# #
###.####.##
###...#.#
#...Y......
........#
#.#@#######
........# #.#.#
#÷>.....# #.#÷#
#.#[..### #.#.#
#.#..(# #.#.....J..
#.##.##
######.#..####.#
#.##.####......#...
#.##......######....
#.##..##### ##....


You could see an ice beast.

Vanquished Creatures
  A phantom (D:4)
  An orc warrior (D:4)
  An ogre (D:4)
  2 bullfrogs (D:6)
  Blork the orc (D:5)
  A jelly (D:6)
  3 scorpions
  A bullfrog zombie (D:6)
  A hound (D:2)
  A bullfrog skeleton (D:5)
  3 orc priests
  3 orc wizards
  Natasha (thrice) (D:4)
  2 iguanas (D:6)
  A worker ant (D:4)
  Robin (D:3)
  6 adders (D:2)
  A gnoll (D:1)
  An adder zombie (D:6)
  An ooze (D:2)
  An adder skeleton (D:4)
  2 worms
  2 dart slugs
  4 leopard geckos
  25 orcs
  3 ball pythons
  11 giant cockroaches
  15 goblins
  9 hobgoblins
  16 jackals
  4 kobolds
  5 quokkas
  7 bats
  7 frilled lizards
  A leopard gecko zombie (D:5)
  6 rats
153 creatures vanquished.

Notes
Turn   | Place    | Note
-------+----------+-------------------------------------------
     0 | D:1      | Eurus the Naga Venom Mage began the quest for the Orb.
     0 | D:1      | Reached XP level 1. HP: 15/15 MP: 3/3
    23 | D:1      | Reached XP level 2. HP: 3/22 MP: 0/5
   599 | D:1      | Reached XP level 3. HP: 28/28 MP: 3/6
   913 | D:1      | Learned a level 2 spell: Poisonous Vapours
  1474 | D:2      | Reached skill level 1 in Fighting
  1474 | D:2      | Reached skill level 5 in Poison Magic
  1474 | D:2      | Reached XP level 4. HP: 22/38 MP: 1/7
  1720 | D:2      | Reached XP level 5. HP: 29/44 MP: 0/8
  2145 | D:2      | Reached skill level 1 in Shields
  2575 | D:3      | Noticed Robin
  2870 | D:4      | Found a shimmering altar of Xom.
  2870 | D:4      | Found a glowing silver altar of Zin.
  2870 | D:4      | Noticed an angel
  3123 | D:4      | Reached XP level 6. HP: 24/52 MP: 2/10
  3311 | D:4      | Found Wocutas's Book Shoppe.
  3403 | D:4      | Reached skill level 1 in Axes
  3425 | D:4      | Noticed Natasha
  3433 | D:4      | Killed Natasha
  3612 | D:4      | Noticed Natasha
  3616 | D:4      | Killed Natasha
  3786 | D:4      | Noticed Natasha
  3790 | D:4      | Killed Natasha
  3916 | D:4      | Reached XP level 7. HP: 45/61 MP: 4/11
  4036 | D:4      | Reached skill level 6 in Poison Magic
  4665 | D:3      | Found a stormy altar of Qazlal.
  4665 | D:3      | Found a blossoming altar of Fedhas.
  4665 | D:3      | Found an opulent altar of Gozag.
  4681 | D:4      | Learned a level 4 spell: Olgreb's Toxic Radiance
  4706 | D:3      | Became a worshipper of Qazlal Stormbringer
  4851 | D:3      | Killed Robin
  5362 | D:5      | Entered Level 5 of the Dungeon
  5498 | D:5      | Reached * piety under Qazlal
  5606 | D:5      | Noticed Edmund
  5649 | D:5      | Found a bloodstained altar of Trog.
  5659 | D:5      | Found an iron altar of Okawaru.
  5662 | D:5      | Found a shadowy altar of Dithmenos.
  5665 | D:5      | Found an ancient bone altar of Kikubaaqudgha.
  6010 | D:5      | Noticed Blork the orc
  6021 | D:5      | Killed Blork the orc
  6021 | D:5      | Reached XP level 8. HP: 63/69 MP: 6/13
  6426 | D:5      | Found a blossoming altar of Fedhas.
  6623 | D:6      | Found a bloodstained altar of Trog.
  6886 | D:6      | Reached ** piety under Qazlal
  6910 | D:6      | HP: 3/72 [ice beast (10)]
  6912 | D:6      | Slain by an ice beast

Levels and vault maps discovered:
D:1:      kilobyte_arrival_exit_the_forest, layout_basic
D:2:      layout_rooms, first_ration, kennysheep_generic_room_5
D:3:      layout_loops_cross, chequers_temple_overflow_statue_of_worship,
          uniq_robin
D:4:      layout_layer_cave, grunt_temple_overflow_order_and_chaos_1,
          serial_shops, shop, guppyfry_early_orc_mine, uniq_natasha
D:5:      layout_gridville, grunt_temple_overflow_cloverleaf,
          corexii_corridor_pit, st_stairs_10, fedhas_altar_2, uniq_edmund,
          uniq_blork_the_orc
D:6:      layout_loops_ring, grunt_decor_arrowhead, bloody_trog

Skill      XL: |  1  2  3  4  5  6  7  8 |
---------------+-------------------------+-----
Fighting       | 1 2 3 |  3.8
Poison Magic   | 5 6 |  6.8
Conjurations   | 2 3 4 |  4.0
Shields        | 1 2 |  2.9
Spellcasting   | 3 4 |  4.1
Axes           | 1 3 4 |  4.1
Dodging        | |  1.8
Stealth        | |  3.1

Action                   |  1- 3 |  4- 6 |  7- 9 || total
-------------------------+-------+-------+-------++-------
Melee: Unarmed           |     1 |       |       ||     1
       Flail             |    17 |    68 |   109 ||   194
 Cast: Sting             |    56 |    92 |    77 ||   225
       Poisonous Vapours |       |     7 |    10 ||    17
       Olgreb's Toxic Ra |       |       |     3 ||     3
 Abil: Spit Poison       |     4 |    11 |     6 ||    21
  Use: Scroll            |       |       |    10 ||    10
       Potion            |       |       |     4 ||     4
 Stab: Sleeping          |       |     1 |       ||     1
  Eat: Chunk             |     1 |     9 |     9 ||    19
Armor: Robe              |    16 |    24 |    36 ||    76
Dodge: Dodged            |    28 |    80 |    67 ||   175
Block: Other             |       |       |     2 ||     2

Table legend:
 A = Non-vault XP
 B = Vault XP
 C = Vault XP percentage of total XP
 D = Non-vault monster count
 E = Vault monster count
 F = Vault count percentage of total count
                 A         B        C        D         E       F
            +---------+---------+-------+---------+---------+-------
      Total |    1513 |     382 |  20.2 |     132 |      21 |  13.7
            +---------+---------+-------+---------+---------+-------
        D:1 |      60 |       0 |   0.0 |      28 |       0 |   0.0
        D:2 |     181 |       5 |   2.7 |      30 |       3 |   9.1
        D:3 |     116 |      30 |  20.5 |      17 |       9 |  34.6
        D:4 |     421 |     256 |  37.8 |      19 |       8 |  29.6
        D:5 |     199 |      91 |  31.4 |      22 |       1 |   4.3
        D:6 |     536 |       0 |   0.0 |      16 |       0 |   0.0
            +---------+---------+-------+---------+---------+-------
